 Dungeon Crawl Stone Soup version 0.31-a0-865-g3d5d91748a (webtiles) character file.

Game seed: 5722345894689848056

7763 Joey1 the Fencer (level 11, -5/99 HPs)
             Began as a Minotaur Fighter on Oct 10, 2023.
             Was a Priest of Cheibriados.
             Slain by a yak (9 damage)
             ... on level 1 of the Lair of Beasts.
             The game lasted 00:14:09 (7800 turns).

Joey1 the Fencer (Minotaur Fighter)                 Turns: 7800, Time: 00:14:09

Health: -5/99      AC: 13    Str: 29    XL:     11   Next: 1%
Magic:  12/14      EV: 10    Int: 13    God:    Cheibriados [***...]
Gold:   503        SH:  6    Dex: 22    Spells: 10/10 levels left

rFire   . . .        a - +0 long sword
rCold   . . .        c - +0 buckler
rNeg    . . .        A - +4 scale mail {Will+}
rPois   .            (helmet restricted)
rElec   .            (no cloak)
rCorr   .            j - +0 pair of gloves
SInv    .            z - +0 pair of boots
Will    ++...        k - amulet of regeneration Stlth
                     r - ring of flight
HPRegen 1.16/turn    G - ring of willpower
MPRegen 0.14/turn

%: no passive effects
@: flying, very slow
A: horns 2, retaliatory headbutt
a: Renounce Religion, Bend Time, Temporal Distortion


You were on level 1 of the Lair of Beasts.
You worshipped Cheibriados.
Cheibriados was most pleased with you.
You visited 3 branches of the dungeon, and saw 10 of its levels.

You collected 503 gold pieces.

Inventory:

Hand Weapons
 a - a +0 long sword (weapon)
 I - a +0 falchion
Missiles
 F - 3 curare-tipped darts
Armour
 b - a +0 scale mail
 c - a +0 buckler (worn)
 j - a +0 pair of gloves (worn)
 x - a +0 kite shield
 z - a +0 pair of boots (worn)
 A - a +4 scale mail of willpower (worn)
Jewellery
 k - an amulet of regeneration (around neck)
 r - a ring of flight (left hand)
 C - a +6 ring of strength
 G - a ring of willpower (right hand)
Wands
 f - a wand of roots (9)
 n - a wand of flame (69)
 u - a wand of mindburst (5)
 E - a wand of digging (5)
Scrolls
 h - 3 scrolls of poison
 m - 2 scrolls of enchant weapon
 o - 5 scrolls of teleportation
 p - a scroll of silence
 q - 2 scrolls of fear
 v - a scroll of summoning {unknown}
 y - a scroll of torment {unknown}
 B - 2 scrolls of immolation
 D - a scroll of revelation {unknown}
 H - a scroll of blinking {unknown}
Potions
 d - 2 potions of might
 e - 5 potions of enlightenment
 g - 2 potions of magic
 i - a potion of brilliance
 s - a potion of curing
 t - a potion of attraction
 w - a potion of berserk rage
 J - a potion of mutation {unknown}


   Skills:
 - Level 10.0 Fighting
 - Level 16.0 Long Blades
 - Level 5.0 Armour
 - Level 5.0 Shields
 + Level 5.3 Invocations


You had 10 spell levels left.
You didn't know any spells.
Your spell library contained the following spells:

 Spells                   Type           Power      Damage    Failure   Level
 Inner Flame              Hex/Fire       0%         N/A       91%         3
 Volatile Blastmotes      Fire/Tloc      0%         2d10      91%         3
 Animate Armour           Summ/Erth      0%         N/A       100%        4
 Flame Wave               Conj/Fire      0%         2d4       100%        4
 Fulminant Prism          Conj/Hex       0%         3d5       100%        4
 Iskenderun's Mystic Bla  Conj/Tloc      0%         2d3       100%        4
 Sticky Flame             Conj/Fire      0%         2d3       100%        4
 Summon Lightning Spire   Summ/Air       0%         N/A       100%        4
 Vhi's Electric Charge    Tloc/Air       0%         N/A       100%        4
 Arcjolt                  Conj/Air       0%         1d10      100%        5
 Lee's Rapid Deconstruct  Erth           0%         3d4*      100%        5
 Silence                  Hex/Air        0%         N/A       100%        5
 Plasma Beam              Fire/Air       0%         2x1d10    100%        6


Dungeon Overview and Level Annotations

Branches:
Dungeon (8/15)             Temple (1/1) D:5            Lair (1/5) D:8

Altars:
Ashenzari
Cheibriados
Dithmenos
Elyvilon
Fedhas
Gozag
Hepliaklqana
Kikubaaqudgha
Makhleb
Okawaru
Ru
Sif Muna
Trog
Uskayaw
Vehumet
Wu Jian
Xom
Yredelemnul
Zin
The Shining One

Shops:
D:8 ?

Annotations:
D:4 1 runed translucent door, Crazy Yiuf


Innate Abilities, Weirdness & Mutations

You have a pair of horns on your head.
You reflexively headbutt those who attack you in melee.


Message History

You hit the yak.
You kill the yak!
Cheibriados appreciates the change of pace.
You feel sick. The yak gores you but does no damage. The yak gores you.
* * * LOW HITPOINT WARNING * * *
The yak completely misses you.
Your Invocations skill increases to level 5!
You completely miss the yak.
The yak is lightly wounded.
You hit the yak.
The yak is moderately wounded.
You feel sick. The yak barely misses you. You furiously retaliate!
You headbutt the yak! The yak gores you.
* * * LOW HITPOINT WARNING * * *
The yak gores you but does no damage.
You closely miss the yak. You headbutt the yak.
The yak is moderately wounded.
The yak gores you!
* * * LOW HITPOINT WARNING * * *
You block the yak's attack. The yak misses you. You furiously retaliate!
You headbutt the yak!
You feel better. The yak closely misses you. You furiously retaliate!
You headbutt the yak! The yak gores you!
* * * LOW HITPOINT WARNING * * *
The yak barely misses you. You furiously retaliate!
You headbutt the yak! You hit the yak.
The yak is almost dead.
You block the yak's attack. The yak gores you.
* * * LOW HITPOINT WARNING * * *
You block the yak's attack.
You slash the yak!
You kill the yak!
Cheibriados appreciates the change of pace.
You have reached level 11!
You slash the yak!
The yak is severely wounded.
The yak gores you.
* * * LOW HITPOINT WARNING * * *
The yak gores you!
You die...

......####.###.##...##....##.....
.#............###...##.....P.....
.#....PP#.....# #...##...........
.#....###########...P#####.#.....
.#.....# # ###....##.#####.....
......#####P##.##................
.#....................^...†......
...............†.................
..............†Y@................
.....>.........Y.................
.................................
.......###..##.#....P##.###.##...
#.#.#..#.... .......##..#.#.##...
....#..#... ...#....##......##...
....# .... .........##...........
. .... #....##......##...
#.......#....


You could see 2 yaks.

Vanquished Creatures
  A two-headed ogre (D:8)
  Amaemon (Lair:1)
  An elephant (D:7)
  2 black mambas (Lair:1)
  An orange demon (Lair:1)
  Psyche (D:8)
  A cane toad (Lair:1)
  2 wyverns (Lair:1)
  4 yaks
  A basilisk (Lair:1)
  A steam dragon (D:8)
  Eustachio (D:5)
  Edmund (D:6)
  3 sky beasts
  4 water moccasins
  An orc warrior (D:8)
  5 black bears
  An ice beast (D:7)
  An ogre (D:4)
  2 centaurs
  Blork the orc (D:6)
  7 bullfrogs
  5 scorpions
  6 killer bees (D:8)
  A howler monkey (D:5)
  3 lava snakes (D:8)
  An orc priest (D:7)
  4 hounds
  A gnoll bouda (D:7)
  2 iguanas
  A sleepcap (D:7)
  8 orc wizards
  Robin (D:2)
  8 gnolls
  An adder (D:3)
  2 shadow imps (D:5)
  A white imp (D:7)
  An ufetubus (D:4)
  A worm (D:4)
  17 orcs
  3 ball pythons
  5 bats
  6 endoplasms
  4 giant cockroaches
  10 goblins
  12 hobgoblins
  3 jackals (D:1)
  2 quokkas
  6 frilled lizards
  2 kobolds
  5 rats
165 creatures vanquished.

Notes
Turn   | Place    | Note
-------+----------+-------------------------------------------
     0 | D:1      | Joey1 the Minotaur Fighter began the quest for the Orb.
     0 | D:1      | Reached XP level 1. HP: 19/19 MP: 0/0
   286 | D:1      | Reached skill level 3 in Long Blades
   286 | D:1      | Reached XP level 2. HP: 27/27 MP: 1/1
   660 | D:1      | Reached XP level 3. HP: 33/33 MP: 2/2
  1161 | D:2      | Identified the staff "Vuecan" {rF+ rCorr Conj}
  1563 | D:2      | Noticed Robin
  1581 | D:2      | Killed Robin
  1765 | D:3      | Reached XP level 4. HP: 40/40 MP: 3/3
  1929 | D:3      | Reached skill level 4 in Long Blades
  2028 | D:3      | Reached XP level 5. HP: 38/47 MP: 4/4
  2303 | D:3      | Found a glowing golden altar of the Shining One.
  2423 | D:4      | Noticed an ogre
  2431 | D:4      | Killed an ogre
  2432 | D:4      | Reached skill level 5 in Long Blades
  2432 | D:4      | Reached XP level 6. HP: 48/55 MP: 5/5
  2439 | D:4      | Reached skill level 5 in Fighting
  2439 | D:4      | Reached skill level 5 in Armour
  2439 | D:4      | Reached skill level 5 in Shields
  2654 | D:4      | Reached skill level 6 in Long Blades
  3064 | D:4      | Found a runed translucent door.
  3065 | D:4      | Noticed Crazy Yiuf
  3105 | D:5      | Entered Level 5 of the Dungeon
  3128 | D:5      | Found a staircase to the Ecumenical Temple.
  3157 | D:5      | Reached skill level 7 in Long Blades
  3157 | D:5      | Reached XP level 7. HP: 61/61 MP: 6/6
  3187 | Temple   | Entered the Ecumenical Temple
  3208 | Temple   | Became a worshipper of Cheibriados the Contemplative
  3361 | D:5      | Noticed Eustachio
  3366 | D:5      | Reached skill level 8 in Long Blades
  3375 | D:5      | Killed Eustachio
  3406 | D:5      | Reached skill level 9 in Long Blades
  3913 | D:6      | Noticed Edmund
  3939 | D:6      | Killed Edmund
  3940 | D:6      | Reached skill level 10 in Long Blades
  3940 | D:6      | Reached XP level 8. HP: 39/68 MP: 7/7
  4239 | D:6      | Found a broken altar of Ashenzari.
  4356 | D:6      | Found a hide-covered altar of Uskayaw.
  4459 | D:6      | Noticed Blork the orc
  4469 | D:6      | Killed Blork the orc
  4784 | D:7      | Reached skill level 11 in Long Blades
  4934 | D:7      | Reached * piety under Cheibriados
  5213 | D:7      | Reached skill level 12 in Long Blades
  5280 | D:7      | Found a shadowy altar of Dithmenos.
  5771 | D:8      | Found a staircase to the Lair.
  5771 | D:8      | Noticed an elephant
  5771 | D:8      | Noticed Psyche
  5781 | D:7      | Reached skill level 13 in Long Blades
  5781 | D:7      | Reached XP level 9. HP: 62/74 MP: 8/8
  5794 | D:7      | Killed an elephant
  5836 | D:7      | Reached skill level 14 in Long Blades
  5880 | D:8      | Killed Psyche
  5880 | D:8      | Reached ** piety under Cheibriados
  5993 | D:8      | Found Leful's Magic Scroll Boutique.
  6372 | D:8      | Reached *** piety under Cheibriados
  6373 | D:8      | Reached skill level 15 in Long Blades
  6373 | D:8      | Reached XP level 10. HP: 70/86 MP: 9/9
  6620 | D:8      | Noticed a two-headed ogre
  6629 | D:8      | Killed a two-headed ogre
  6901 | Lair:1   | Entered Level 1 of the Lair of Beasts
  7031 | Lair:1   | Got a fusty book
  7227 | Lair:1   | Noticed Amaemon
  7228 | Lair:1   | Noticed an orange demon
  7254 | Lair:1   | Killed Amaemon
  7270 | Lair:1   | Killed an orange demon
  7271 | Lair:1   | Reached skill level 16 in Long Blades
  7387 | Lair:1   | Reached skill level 10 in Fighting
  7387 | Lair:1   | Reached skill level 1 in Invocations
  7433 | Lair:1   | Noticed a cane toad
  7438 | Lair:1   | Killed a cane toad
  7492 | Lair:1   | Noticed a black mamba
  7505 | Lair:1   | Killed a black mamba
  7775 | Lair:1   | Noticed a black mamba
  7790 | Lair:1   | Killed a black mamba
  7794 | Lair:1   | Reached skill level 5 in Invocations
  7800 | Lair:1   | Reached XP level 11. HP: 7/99 MP: 12/14
  7800 | Lair:1   | HP: 4/99 [yak (4)]
  7800 | Lair:1   | Slain by a yak

Illustrated notes

Levels and vault maps discovered:
D:1:      wander_arrival_fairy_ring, layout_basic, minmay_pentomino_z2
D:2:      layout_loops_corners, uniq_robin
D:3:      layout_basic, nicolae_tso_carved_into_rock, kennysheep_minor_cross
D:4:      layout_loops_ring, due_unseen_surprise, uniq_crazy_yiuf_cottage
D:5:      kb_forest_paths, layout_basic, minmay_temple_entry_antechambers,
          uniq_eustachio
D:6:      layout_cave_pods, nicolae_uskayaw_suspiria,
          cheibrodos_ashenzari_chains, uniq_blork_the_orc, uniq_edmund
D:7:      nicolae_cairo_tiling, layout_basic, lemuel_crystal_altar
D:8:      layout_basic, david_lair_generic, serial_shops,
          nicolae_shop_tiny_real_fake_doors, grunt_ministairs_15,
          kennysheep_boxes, uniq_psyche
Temple:   nicolae_temple_slightly_damp_pantheon
Lair:1:   layout_regular_city, uniq_amaemon

Skill      XL: |  1  2  3  4  5  6  7  8  9 10 |
---------------+-------------------------------+-----
Long Blades    | 3 4 5 7 10 13 15 16 | 16.0
Armour         | 4 5 |  5.0
Shields        | 4 5 |  5.0
Fighting       | 4 5 7 10 | 10.0
Invocations    | 5 |  5.3

Action                     |  1- 3 |  4- 6 |  7- 9 | 10-12 || total
---------------------------+-------+-------+-------+-------++-------
  Melee: Long sword        |   100 |   105 |   309 |   133 ||   647
         Headbutt          |    24 |    27 |    78 |    34 ||   163
    Use: Scroll            |       |       |    13 |     1 ||    14
         Potion            |       |       |       |     4 ||     4
 Armour: Scale mail        |    70 |    92 |   212 |    98 ||   472
         Skin              |       |       |    36 |    68 ||   104
  Dodge: Dodged            |    44 |    55 |   129 |    55 ||   283
  Block: Buckler           |    33 |    29 |    66 |    56 ||   184

Table legend: (Time is in decaauts)
 A = Elapsed time spent in this place.
 B = Non-inter-level travel time spent in this place.
 C = Inter-level travel time spent in this place.
 D = Time resting spent in this place.
 E = Time spent auto-exploring this place.
 F = Levels seen in this place.
 G = Mean time per level.
                   A        B        C        D        E       F      G
               +--------+--------+--------+--------+--------+-----+--------+
         Total |   9354 |   8692 |    662 |    176 |   7176 |  10 |  935.4 |
       Dungeon |   8169 |   7554 |    615 |     86 |   6329 |   8 | 1021.1 |
        Temple |     48 |      3 |     45 |      0 |      0 |   1 |   48.0 |
          Lair |   1137 |   1136 |      1 |     90 |    846 |   1 | 1137.0 |
               +--------+--------+--------+--------+--------+-----+--------+

Top non-repeatable levels by time:
     D:8: 1618 daAuts
     D:6: 1234 daAuts
     D:7: 1191 daAuts
  Lair:1: 1137 daAuts
     D:5: 973 daAuts
     D:2: 869 daAuts
     D:1: 841 daAuts
     D:3: 742 daAuts
     D:4: 698 daAuts
  Temple: 48 daAuts
